 Dungeon Crawl Stone Soup version 0.31-a0-743-g45f7035092 (webtiles) character file.

Game seed: 161491559785501284

6 Bravepunisher the Ducker (level 1, -39/11 HPs)
             Began as a Spriggan Monk on Sept 13, 2023.
             Killed by an exploding orc (47 damage)
             ... ignited by their inner flame
             ... on level 4 of the Dungeon.
             The game lasted 00:01:03 (338 turns).

Bravepunisher the Ducker (Spriggan Monk)             Turns: 338, Time: 00:01:04

Health: -39/11     AC:  2    Str:  7    XL:     1   Next: 75%
Magic:  2/2        EV: 19    Int: 11    God:
Gold:   18         SH:  0    Dex: 17    Spells: 0/0 levels left

rFire   . . .        a - +0 short sword
rCold   . . .        d - orb {light}
rNeg    . . .        b - +0 robe
rPois   .            (helmet restricted)
rElec   .            (no cloak)
rCorr   .            (gloves unavailable)
SInv    +            (boots unavailable)
Will    .....        (no amulet)
Stlth   +            (no ring)
HPRegen 0.21/turn    (no ring)
MPRegen 0.08/turn

%: no passive effects
@: glowing, very quick
A: very small, no large weapons, unfitting armour, see invisible, speed 3
a: no special abilities


You were on level 4 of the Dungeon.
You visited 1 branch of the dungeon, and saw 4 of its levels.

You collected 18 gold pieces.

Inventory:

Hand Weapons
 a - a +0 short sword (weapon)
Armour
 b - a +0 robe (worn)
 d - an orb of light (worn)
Jewellery
 k - a +6 ring of intelligence
Scrolls
 h - a scroll of immolation
 j - 2 scrolls of enchant armour
Potions
 c - a potion of ambrosia
 e - a potion of degeneration {unknown}
 g - 2 potions of resistance {unknown}
 l - a potion of enlightenment {unknown}


   Skills:
 + Level 2.5 Fighting
 - Level 3.2 Short Blades
 * Level 4.4 Dodging


You couldn't memorise any spells.
You didn't know any spells.
Your spell library was empty.

Dungeon Overview and Level Annotations

Branches:
Dungeon (4/15)
 Temple: D:4-7

Altars:


Innate Abilities, Weirdness & Mutations

You are very small and have problems with some larger weapons.
You are too small for most types of armour.
You have supernaturally acute eyesight. (SInv)
You cover ground extremely quickly. (Speed+++)


Message History

The gnoll closely misses you. The gnoll attacks as it pursues you!
The gnoll misses you.
A quokka comes into view. 3 gnolls come into view.
A gnoll is wielding a +0 flail.
The gnoll shouts! x2
As you read the scroll labelled TENIYM CYNER, it crumbles to dust.
Wisps of shadow whirl around you...
It was a scroll of summoning.
The gnoll hits your orc with a +0 spear.
A gnoll comes into view. It is wielding a +0 club.
The gnoll hits your orc with a +0 whip.
Your orc dies!
Your orc's corpse dissolves into shadows!
As you read the scroll labelled QUOSTR DARUMIN, it crumbles to dust.
The creatures around you are filled with an inner flame!
It was a scroll of immolation.
The gnoll shouts!
The gnoll misses you.
The gnoll hits your orc but does no damage.
Your kobold hits the gnoll with a +0 short sword.
Flame seeps out of the gnoll.
As you read the scroll labelled ZITARE COEF, it crumbles to dust.
It is a scroll of identify.
j - 2 scrolls of enchant armour The gnoll is engulfed in blazing flames.
The gnoll explodes!
The fiery explosion engulfs your orc!!!
Your orc's corpse dissolves into shadows!
The fiery explosion engulfs your orc!!!!
Your orc's corpse dissolves into shadows!
The fiery explosion engulfs the gnoll!!!
The fiery explosion engulfs your kobold!!
Your kobold's corpse dissolves into shadows!
The fiery explosion engulfs the gnoll!!
The gnoll explodes!
The fiery explosion engulfs the phantom!!!
You destroy the phantom!
Your kobold explodes!
The gnoll explodes!
Your orc explodes!
The fiery explosion engulfs you!!!
Ouch! That really hurt!
You die...

. #####
...g####...###
...rgg.@§#...#
...g####§§§.#
. #○§§##
####§§##
###...§§####
...........#
.#.##W.....#
#......<..#
...........#


You could see 4 gnolls and a quokka (inner flame).

Vanquished Creatures
  A phantom (D:4)
  3 gnolls (D:4)
  2 goblins (D:1)
  A hobgoblin (D:1)
  A quokka (D:3)
  A ball python (D:1)
  A frilled lizard (D:1)
10 creatures vanquished.

Notes
Turn   | Place    | Note
-------+----------+-------------------------------------------
     0 | D:1      | Bravepunisher the Spriggan Monk began the quest for the
                  | Orb.
     0 | D:1      | Reached XP level 1. HP: 11/11 MP: 2/2
   327 | D:4      | Noticed a phantom
   338 | D:4      | Killed a phantom
   338 | D:4      | Killed by an exploding orc... ignited by their inner flame

Illustrated notes

Levels and vault maps discovered:
D:1:      kennysheep_arrival_forest, layout_basic
D:2:      layout_rooms
D:3:      layout_basic, interstate_on_off, chequers_serial_rivers_small_b,
          kennysheep_path_1, minmay_misc_feat_square, uniq_terence
D:4:      layout_rooms, nicolae_gozag_cash_rules_everything_around_me,
          regret_index_temple_of_mockery, minmay_box_of_dots,
          uniq_crazy_yiuf_cottage

Action                     || total
---------------------------++-------
  Melee: Short sword       ||    23
    Use: Scroll            ||     3
 Armour: Robe              ||     8
  Dodge: Dodged            ||    18

Table legend: (Time is in decaauts)
 A = Elapsed time spent in this place.
 B = Non-inter-level travel time spent in this place.
 C = Inter-level travel time spent in this place.
 D = Time resting spent in this place.
 E = Time spent auto-exploring this place.
 F = Levels seen in this place.
 G = Mean time per level.
                   A        B        C        D        E       F      G
               +--------+--------+--------+--------+--------+-----+--------+
         Total |    227 |    227 |      0 |      0 |    150 |   4 |   56.8 |
       Dungeon |    227 |    227 |      0 |      0 |    150 |   4 |   56.8 |
               +--------+--------+--------+--------+--------+-----+--------+

Top non-repeatable levels by time:
     D:1: 150 daAuts
     D:3: 59 daAuts
     D:2: 10 daAuts
     D:4: 7 daAuts
